 Dungeon Crawl Stone Soup version 0.30.1-4-g462c640d31 (webtiles) character file.

Game seed: 1753652126599338253

46412 Kranky the Warrior (level 14, -9/138 HPs)
             Began as a Minotaur Berserker on Sept 14, 2023.
             Was a High Priest of Trog.
             Mangled by Kurtz's ghost (23 damage)
             ... on level 5 of the Lair of Beasts on Sept 16, 2023.
             The game lasted 00:39:59 (18354 turns).

Kranky the Warrior (Minotaur Berserker)            Turns: 18354, Time: 00:40:00

Health: -9/138     AC: 35    Str: 27    XL:     14   Next: 4%
Magic:  4/4        EV: 10    Int:  9    God:    Trog [*****.]
Gold:   2256       SH:  0    Dex: 10    Spells: 13/13 levels left

rFire   . . .        s - +3 executioner's axe (antimagic)
rCold   . . .        (shield currently unavailable)
rNeg    . . .        R - +11 plate armour of Futuristic Creativity {Int+5 Stlth+}
rPois   +            (helmet restricted)
rElec   .            b - +0 cloak
rCorr   .            d - +1 pair of gloves
SInv    .            J - +1 pair of boots
Will    ++++.        (no amulet) Stlth
                     A - ring of poison resistance
HPRegen 1.43/turn    W - ring of willpower
MPRegen 0.09/turn

%: no passive effects
@: strong-willed, regenerating
A: horns 2, retaliatory headbutt
a: Renounce Religion, Berserk, Trog's Hand, Brothers in Arms


You were on level 5 of the Lair of Beasts.
You worshipped Trog.
Trog was extremely pleased with you.
You visited 3 branches of the dungeon, and saw 17 of its levels.
You also visited: Sewer, Ossuary and Ice Cave.

You collected 2256 gold pieces.

Inventory:

Hand Weapons
 n - a +5 war axe of protection
 s - a +3 antimagic executioner's axe (weapon)
Missiles
 f - 4 throwing nets (quivered)
Armour
 b - a +0 cloak (worn)
 d - a +1 pair of gloves (worn)
 J - a +1 pair of boots (worn)
 Q - +0 ice dragon scales
 R - the +11 plate armour of Futuristic Creativity (worn) {Int+5 Stlth+}
   (You found it on level 8 of the Dungeon)

   Int:       It affects your intelligence (+5).
   Stlth:     It makes you more stealthy.
 S - a +0 crystal plate armour of cold resistance
 T - a +0 tower shield of cold resistance
Jewellery
 m - a +6 ring of strength
 r - a +4 ring of protection
 A - a ring of poison resistance (left hand)
 U - a ring of ice
 V - a ring of fire
 W - a ring of willpower (right hand)
 X - the ring of Ynie {rF+ AC+4 Int+2}
   (You found it in an ice cave)

   [ring of protection]

   AC:        It affects your AC (+4).
   Int:       It affects your intelligence (+2).
   rF:        It protects you from fire.
Wands
 t - a wand of iceblast (6)
 w - a wand of charming (4)
 y - a wand of mindburst (8)
 L - a wand of polymorph (5)
 O - a wand of quicksilver (9)
 Y - a wand of flame (12)
Scrolls
 a - 9 scrolls of identify
 g - 3 scrolls of enchant weapon
 i - 5 scrolls of vulnerability
 l - 3 scrolls of immolation
 p - 4 scrolls of magic mapping
 q - a scroll of brand weapon
 v - 10 scrolls of teleportation
 C - 4 scrolls of poison
 E - 3 scrolls of fog
 F - 2 scrolls of blinking
 G - a scroll of summoning
 H - 2 scrolls of torment
 K - 2 scrolls of enchant armour
 M - 2 scrolls of fear
 Z - a scroll of acquirement
Potions
 c - 2 potions of resistance {unknown}
 e - 5 potions of haste
 h - a potion of magic {unknown}
 j - 3 potions of mutation
 k - 4 potions of might
 o - 4 potions of ambrosia
 u - 5 potions of lignification
 x - a potion of attraction
 z - 13 potions of curing
 B - 7 potions of heal wounds
 D - 4 potions of flight
 I - 6 potions of berserk rage


   Skills:
 + Level 16.4 Fighting
 + Level 15.0 Axes
 + Level 16.2 Armour
 - Level 8.0 Dodging
 - Level 6.0 Evocations


You had 13 spell levels left.
You didn't know any spells.
Your spell library was empty.

Dungeon Overview and Level Annotations

Branches:
Dungeon (11/15)            Temple (0/1) D:5            Lair (5/5) D:8
  Swamp (0/4) Lair:2        Snake (0/4) Lair:2        Slime (0/5) Lair:4
    Orc (1/2) D:9           Sewer (visited)         Ossuary (visited)
  IceCv (visited)

Altars:
Ashenzari
Cheibriados
Dithmenos
Elyvilon
Nemelex Xobeh
Okawaru
Qazlal
Ru
Sif Muna
Trog
Uskayaw
Wu Jian
Zin

Shops:
D:1 :   D:9 [(

Annotations:
Lair:5 Kurtz's ghost, journeyman TeFi


Innate Abilities, Weirdness & Mutations

You have a pair of horns on your head.
You reflexively headbutt those who attack you in melee.


Message History

You miss Kurtz's ghost.
You headbutt Kurtz's ghost, but do no damage.
Kurtz's ghost is moderately damaged.
Kurtz's ghost hits you!!
You miss Kurtz's ghost.
Kurtz's ghost is moderately damaged.
Kurtz's ghost hits you but does no damage.
You are electrocuted!
You barely miss Kurtz's ghost.
Kurtz's ghost is moderately damaged.
Kurtz's ghost hits you but does no damage.
You hit Kurtz's ghost. Your headbutt misses Kurtz's ghost.
Kurtz's ghost is heavily damaged.
Kurtz's ghost barely misses you. You furiously retaliate!
You headbutt Kurtz's ghost! You barely miss Kurtz's ghost.
Kurtz's ghost is heavily damaged.
Kurtz's ghost hits you!
You hit Kurtz's ghost but do no damage. Your headbutt misses Kurtz's ghost.
Kurtz's ghost is heavily damaged.
Kurtz's ghost completely misses you.
You hit Kurtz's ghost but do no damage.
You headbutt Kurtz's ghost, but do no damage.
Kurtz's ghost is heavily damaged.
Kurtz's ghost hits you but does no damage.
You barely miss Kurtz's ghost.
Kurtz's ghost is heavily damaged.
Kurtz's ghost hits you!!
You are electrocuted!!
* * * LOW HITPOINT WARNING * * *
Kurtz's ghost hits you but does no damage.
You are electrocuted!
* * * LOW HITPOINT WARNING * * *
Your skin crawls.
You feel strong-willed.
Kurtz's ghost hits you but does no damage.
Your cyclops goes berserk!
Kurtz's ghost hits you.
* * * LOW HITPOINT WARNING * * *
Kurtz's ghost attacks as you move away! Kurtz's ghost hits you!!
You die...

.....#.##... .....###....
.....P#..... ## ......†..... P...
##### ............ ##... #P8P#
............ #...# #(})#
[...[...#P.. ###..##
########W##.............
#.....####..##.#@................
#................................
#.............C..................
#...............##...............
#.....##..##.#..##...............
##....#####.....##...............
#......#.###...## ##............
.........# ..#.## #.............
.........##.##..P####............


You could see Kurtz's ghost (ally target) and a friendly cyclops (summoned,
berserk).

Vanquished Creatures
  The ghost of growler the Stormcaller, a journeyman TeAE of Hepliaklqana (Lair:4)
  An ice dragon (IceCv)
  3 hydras
  A catoblepas (Lair:5)
  3 boulder beetles
  7 death yaks
  A tengu warrior (D:8)
  4 two-headed ogres
  A skyshark (Lair:4)
  2 manticores (D:11)
  2 ice statues (IceCv)
  A cyclops (D:8)
  3 black mambas
  9 elephants
  A gargoyle (D:10)
  Maggie (D:8)
  10 cane toads
  A kobold demonologist (D:11)
  An unseen horror (D:10)
  10 komodo dragons
  4 rime drakes
  A hornet (D:10)
  3 trolls
  6 polar bears
  7 blink frogs (Lair:3)
  A dream sheep (D:11)
  A slime creature (D:8)
  A shadow (D:10)
  5 wyverns
  35 yaks
  4 basilisks
  2 steam dragons
  An acid dragon (D:10)
  Duvessa (D:7)
  19 water moccasins
  9 orc warriors
  An ice beast (D:6)
  A sky beast (D:6)
  6 black bears (D:11)
  4 ogres
  6 wolves (Lair:3)
  6 centaurs
  A phantom (D:6)
  6 kobold brigands
  12 bullfrogs
  2 scorpions
  2 water moccasin zombies (Ossuary)
  6 wights
  Dowan (D:7)
  10 killer bees
  3 lindwurm simulacra (IceCv)
  2 howler monkeys
  4 electric eels
  9 hounds
  4 gnoll boudas
  5 orc priests
  5 komodo dragon simulacra (IceCv)
  A jelly (D:5)
  Jessica (D:3)
  3 sleepcaps
  Terence (D:2)
  5 iguanas
  11 orc wizards
  6 hell rats (Lair:4)
  2 mummies (Ossuary)
  15 gnolls
  3 acid dragon simulacra (IceCv)
  9 adders
  6 river rats (Sewer)
  12 white imps (Lair:2)
  10 steam dragon simulacra (IceCv)
  4 adder zombies (Ossuary)
  3 worms
  3 dart slugs
  52 orcs
  5 bats
  7 endoplasms
  5 giant cockroaches
  3 gnoll zombies (Ossuary)
  4 goblins
  5 hobgoblins
  3 quokkas
  12 ball pythons
  8 frilled lizards
  6 hobgoblin zombies (Ossuary)
  22 kobolds
  5 kobold zombies (Ossuary)
  5 orc zombies (Ossuary)
  13 rats
509 creatures vanquished.

Vanquished Creatures (others)
  A rime drake (IceCv)
1 creature vanquished.

Grand Total: 510 creatures vanquished

Notes
Turn   | Place    | Note
-------+----------+-------------------------------------------
     0 | D:1      | Kranky the Minotaur Berserker began the quest for the Orb.
     0 | D:1      | Reached XP level 1. HP: 19/19 MP: 0/0
    93 | D:1      | Found Nedofan's Book Shoppe.
   100 | D:1      | Reached XP level 2. HP: 25/27 MP: 1/1
   439 | D:1      | Reached ** piety under Trog
   440 | D:1      | Reached XP level 3. HP: 33/33 MP: 2/2
  1170 | D:3      | Noticed Terence
  1190 | D:2      | Killed Terence
  1191 | D:2      | Reached XP level 4. HP: 12/41 MP: 3/3
  1623 | D:3      | Found a hide-covered altar of Uskayaw.
  1676 | D:3      | Reached XP level 5. HP: 40/47 MP: 4/4
  1780 | D:3      | You fall into a shaft and drop 3 floors!
  1793 | D:6      | Reached skill level 5 in Fighting
  1889 | D:6      | Found a snail-covered altar of Cheibriados.
  1889 | D:6      | Noticed a torpor snail
  1889 | D:6      | Noticed a torpor snail
  1890 | D:6      | Noticed a torpor snail
  1899 | D:6      | Noticed a sky beast
  1901 | D:6      | Noticed an ogre
  1910 | D:6      | Killed a sky beast
  1911 | D:6      | Reached skill level 5 in Armour
  1911 | D:6      | Reached XP level 6. HP: 57/57 MP: 5/5
  1941 | D:6      | Found a glowing drain.
  1971 | D:6      | Reached skill level 5 in Dodging
  1971 | D:6      | Reached XP level 7. HP: 34/63 MP: 6/6
  2023 | Sewer    | Entered a sewer
  2197 | Sewer    | Reached *** piety under Trog
  2512 | D:5      | Entered Level 5 of the Dungeon
  2806 | D:4      | Found a shadowy altar of Dithmenos.
  3001 | D:4      | Found a sand-covered staircase.
  3005 | Ossuary  | Entered an ossuary
  3051 | Ossuary  | Reached **** piety under Trog
  3242 | Ossuary  | Reached XP level 8. HP: 67/73 MP: 7/7
  3558 | D:3      | Found an ornate altar of the Wu Jian Council.
  4083 | D:3      | Noticed Jessica
  4089 | D:3      | Killed Jessica
  4726 | D:5      | Found a shimmering blue altar of Sif Muna.
  4904 | D:5      | Identified the +1 leather armour of the Enchanted Forest
                  | {rPois}
  4976 | D:5      | Found a staircase to the Ecumenical Temple.
  5630 | D:6      | Found a large runed translucent door.
  5631 | D:6      | Found a large runed translucent door.
  5656 | D:6      | Found a glowing silver altar of Zin.
  5671 | D:6      | Found a sacrificial altar of Ru.
  5741 | D:6      | Reached ***** piety under Trog
  5941 | D:6      | Reached XP level 9. HP: 82/82 MP: 8/8
  6081 | D:6      | Reached skill level 5 in Axes
  6481 | D:7      | Noticed Dowan
  6482 | D:7      | Noticed Duvessa
  6488 | D:7      | Killed Dowan
  6499 | D:7      | Killed Duvessa
  6781 | D:7      | Reached skill level 10 in Fighting
  7384 | D:8      | Noticed a two-headed ogre
  7388 | D:8      | Noticed a two-headed ogre
  7692 | D:7      | Killed a two-headed ogre
  7693 | D:7      | Reached skill level 10 in Armour
  7693 | D:7      | Reached XP level 10. HP: 53/94 MP: 9/9
  7818 | D:8      | Killed a two-headed ogre
  8235 | D:8      | Noticed a two-headed ogre
  8245 | D:8      | Killed a two-headed ogre
  8250 | D:8      | Noticed a boulder beetle
  8269 | D:8      | Killed a boulder beetle
  8609 | D:8      | Found an iron altar of Okawaru.
  8717 | D:8      | Noticed Maggie
  8728 | D:8      | Killed Maggie
  8931 | D:8      | Noticed a tengu warrior
  8942 | D:8      | Killed a tengu warrior
  8943 | D:8      | Reached XP level 11. HP: 95/104 MP: 10/10
  8959 | D:8      | Reached skill level 10 in Axes
  9059 | D:8      | Identified the +11 plate armour of Futuristic Creativity
                  | {Int+5 Stlth+}
  9130 | D:8      | Found a staircase to the Lair.
  9370 | D:8      | Found a broken altar of Ashenzari.
  9549 | D:8      | Identified a scroll of acquirement
  9549 | D:8      | Acquired 669 gold pieces
  9799 | D:9      | Found a stormy altar of Qazlal.
  9899 | D:9      | Found a white marble altar of Elyvilon.
  9995 | D:9      | Found Vifef's Weapon Shoppe.
  9998 | D:9      | Found a staircase to the Orcish Mines.
 10000 | D:9      | Found Vateruan's Armour Shoppe.
 10070 | D:9      | Received a gift from Trog
 10276 | Orc:1    | Entered Level 1 of the Orcish Mines
 10301 | D:10     | Entered Level 10 of the Dungeon
 10397 | D:10     | Reached skill level 1 in Evocations
 10476 | D:10     | Found a bloodstained altar of Trog.
 11160 | D:11     | Found a sparkling altar of Nemelex Xobeh.
 11182 | D:11     | Noticed a two-headed ogre
 11189 | D:11     | Killed a two-headed ogre
 11655 | D:11     | Found a huge runed translucent gate.
 11655 | D:11     | Found a huge runed translucent gate.
 11656 | D:11     | Found a huge runed translucent gate.
 11657 | D:11     | Found a huge runed translucent gate.
 11658 | D:11     | Noticed a death yak
 11851 | D:11     | Killed a death yak
 11858 | D:11     | Reached XP level 12. HP: 102/115 MP: 3/11
 12154 | Lair:1   | Entered Level 1 of the Lair of Beasts
 12803 | Lair:2   | Reached skill level 5 in Evocations
 12891 | Lair:2   | Noticed a boulder beetle
 12908 | Lair:2   | Reached ****** piety under Trog
 12919 | Lair:2   | Killed a boulder beetle
 13108 | Lair:2   | Noticed a boulder beetle
 13122 | Lair:2   | Killed a boulder beetle
 13125 | Lair:2   | Found a frozen archway.
 13139 | IceCv    | Entered an ice cave
 13849 | IceCv    | Noticed an ice dragon
 13866 | IceCv    | Killed an ice dragon
 13869 | IceCv    | Reached XP level 13. HP: 75/125 MP: 4/12
 14207 | IceCv    | Received a gift from Trog
 14234 | IceCv    | Identified the ring of Ynie {rF+ AC+4 Int+2}
 14475 | Lair:2   | Found a staircase to the Swamp.
 14525 | Lair:1   | Reached skill level 15 in Fighting
 15315 | Lair:2   | Found a staircase to the Snake Pit.
 15554 | Lair:3   | Reached skill level 15 in Armour
 16656 | Lair:4   | Found a runed translucent gate.
 16663 | Lair:4   | Found a runed translucent gate.
 16663 | Lair:4   | Found a runed translucent gate.
 16665 | Lair:4   | Noticed growler's ghost (journeyman TeAE)
 16971 | Lair:4   | Found a staircase to the Slime Pits.
 17436 | Lair:4   | Killed growler's ghost
 17535 | Lair:5   | Entered Level 5 of the Lair of Beasts
 17697 | Lair:5   | Received a gift from Trog
 17974 | Lair:5   | Reached XP level 14. HP: 85/138 MP: 4/13
 17978 | Lair:5   | Reached skill level 15 in Axes
 18334 | Lair:5   | Found a runed translucent door.
 18337 | Lair:5   | Noticed Kurtz's ghost (journeyman TeFi)
 18354 | Lair:5   | Mangled by Kurtz's ghost

Illustrated notes

Levels and vault maps discovered:
D:1:      minmay_arrival_loop, layout_rooms, serial_shops, shop
D:2:      layout_basic, wad_floor_pattern_untrapped
D:3:      layout_basic, mainiacjoe_overflow_alcove_1,
          nicolae_overflow_hidden_temple, kennysheep_doodads, uniq_terence,
          uniq_jessica
D:4:      layout_gridville, mainiacjoe_overflow_brackets,
          nicolae_ossuary_entry_false_entrances, grunt_ministairs_3,
          dk_noncrumbling_4
D:5:      layout_rooms, mainiacjoe_overflow_surrounded_room,
          minmay_temple_entry_grid, wad_rectangle_vault
D:6:      layout_loops_ring, cheibriados_altar_2, jmf_multi_god_temple2,
          gup_sewer_entry_glass, minmay_increasing_density
D:7:      layout_basic, uniq_duvessa
D:8:      nzn_winding_woodlands_three_and_one
          [nzn_winding_woodlands_5x15_longhouse,
          nzn_winding_woodlands_5x15_jagged, nzn_winding_woodlands_5x15_garden,
          nzn_winding_woodlands_center_triple_pond], layout_basic,
          nicolae_ashenzari_skybound, kennysheep_mini, minmay_circle_x,
          uniq_maggie
D:9:      layout_big_octagon, nicolae_qazlal_scattered_showers,
          elyvilon_altar_5, orc_david_3, chequers_garden, grunt_ministairs_3,
          kennysheep_minor_cross, hangedman_decor_growths
D:10:     layout_roguey, bloody_trog
D:11:     lemuel_bear_cage, layout_irregular_city, nemelex_lonely_heart_becter
Lair:1:   layout_hall_layers, chequers_serial_rivers_small_b
Lair:2:   layout_loops_ring, minmay_swamp_entry_eels, dummy_snake_entry,
          portal_ice_cave_entry_imps, st_stairs_9, grunt_megastairs_2
Lair:3:   layout_hall_layers, serial_bayou_shore_a
Lair:4:   layout_roguey, slime_entry_1, gammafunk_ghost_hydra_chop,
          wad_woods_road_02, fungi_pond_lemuel
Lair:5:   due_jungle_book, layout_gridlike, gammafunk_ghost_grave
Orc:1:    layout_diamond_mine

Skill      XL: |  1  2  3  4  5  6  7  8  9 10 11 12 13 14 |
---------------+-------------------------------------------+-----
Axes           | 4 7 9 11 13 14 15 | 15.0
Fighting       | 4 5 6 7 8 10 12 13 14 16 | 16.4
Armour         | 3 4 5 6 8 10 11 13 14 16 | 16.2
Dodging        | 3 4 5 6 7 8 |  8.0
Evocations     | 3 6 |  6.0

Action                     |  1- 3 |  4- 6 |  7- 9 | 10-12 | 13-15 || total
---------------------------+-------+-------+-------+-------+-------++-------
  Melee: Hand axe          |    13 |       |       |       |       ||    13
         Headbutt          |    17 |    19 |    95 |    88 |    61 ||   280
         Dagger            |   105 |   100 |   325 |       |       ||   530
         Punch             |     4 |     1 |     8 |     6 |       ||    19
         War axe           |       |       |   135 |   195 |       ||   330
         Executioner's axe |       |       |       |   273 |   270 ||   543
 Invoke: Berserk           |       |     2 |       |     1 |     1 ||     4
         Trog's Hand       |       |       |       |       |     2 ||     2
         Brothers in Arms  |       |       |       |       |     2 ||     2
    Use: Scroll            |       |       |    17 |    10 |       ||    27
         Potion            |       |       |     1 |       |       ||     1
 Armour: Animal skin       |    11 |       |       |       |       ||    11
         Ring mail         |    21 |       |       |       |       ||    21
         Chain mail        |       |    77 |   119 |       |       ||   196
         Plate armour      |       |       |   131 |   417 |   330 ||   878
  Dodge: Dodged            |    60 |    66 |   208 |   313 |   192 ||   839
